 Dungeon Crawl Stone Soup version 0.27-a0-1217-g8a41f320e8 (webtiles) character file.

Game seed: 13621821767752350764

2 polve the Grave Robber (level 1, 0/13 HPs)
             Began as a Demonspawn Necromancer on June 5, 2021.
             Slain by a giant cockroach (1 damage)
             ... on level 1 of the Dungeon.
             The game lasted 00:00:11 (233 turns).

polve the Grave Robber (Demonspawn Necromancer)      Turns: 233, Time: 00:00:12

Health: 0/13       AC:  2    Str:  8    XL:     1   Next: 33%
Magic:  3/3        EV: 12    Int: 16    God:
Gold:   5          SH:  0    Dex: 13    Spells: 3/4 levels left

rFire    . . .     SeeInvis .   (no weapon)
rCold    . . .     Faith    .   (no shield)
rNeg     . . .     Spirit   .   a - +0 robe
rPois    .         Reflect  .   (no helmet)
rElec    .         Harm     .   (no cloak)
rCorr    .         Rampage  .   (no gloves)
Will     .....                  (no boots)
Stlth    ++........             (no amulet)
HPRegen  0.04/turn              (no ring)
MPRegen  0.08/turn              (no ring)

@: no status effects
A: no striking features
a: no special abilities


You were on level 1 of the Dungeon.
You visited 1 branch of the dungeon, and saw 1 of its levels.

You collected 5 gold pieces.

Inventory:

Armour
 a - a +0 robe (worn)
Potions
 b - a potion of heal wounds {unknown}
 c - 2 potions of brilliance {unknown}


   Skills:
 - Level 1.7 Dodging
 - Level 1.7 Stealth
 - Level 2.0 Spellcasting
 + Level 4.5 Necromancy


You had 3 spell levels left.
You knew the following spells:

 Your Spells              Type           Power      Damage    Failure   Level
a - Pain                  Necr           64%        1d7       3%          1

Your spell library contained the following spells:

 Spells                   Type           Power      Damage    Failure   Level
 Animate Skeleton         Necr           32%        N/A       3%          1
 Vampiric Draining        Necr           8%         2d7       10%         3
 Animate Dead             Necr           8%         N/A       32%         4
 Agony                    Necr           16%        N/A       65%         5


Dungeon Overview and Level Annotations

Branches:
Dungeon (1/15)

Altars:


Message History

You are too injured to fight recklessly!
You are too injured to fight recklessly!
You are too injured to fight recklessly!
You are too injured to fight recklessly!
You are too injured to fight recklessly!
You are too injured to fight recklessly!
You are too injured to fight recklessly!
You are too injured to fight recklessly!
You are too injured to fight recklessly!
You are too injured to fight recklessly!
The giant cockroach closely misses you. The giant cockroach barely misses you.
The giant cockroach bites you but does no damage.
The giant cockroach closely misses you. The giant cockroach bites you.
The giant cockroach misses you. The giant cockroach closely misses you.
The giant cockroach closely misses you. The giant cockroach bites you.
The giant cockroach misses you.
The giant cockroach bites you but does no damage. x2
The giant cockroach barely misses you.
The giant cockroach completely misses you.
The giant cockroach closely misses you. The giant cockroach closely misses you.
The giant cockroach bites you. The giant cockroach closely misses you.
The giant cockroach barely misses you.
The giant cockroach bites you but does no damage.
The giant cockroach completely misses you.
The giant cockroach bites you.
The giant cockroach barely misses you. x2
The giant cockroach bites you. The giant cockroach bites you.
* * * LOW HITPOINT WARNING * * *
The giant cockroach barely misses you. The giant cockroach bites you.
* * * LOW HITPOINT WARNING * * *
The giant cockroach barely misses you. The giant cockroach closely misses you.
The giant cockroach completely misses you.
The giant cockroach bites you.
You die...

§.≈≈...≈.≈§.##
##.§.§≈.≈≈≈.≈..≈.###
#..≈§§≈≈≈≈.≈...≈...#
#......≈_.≈....≈.#.#
#..≈≈≈≈≈≈≈.≈...≈.#.##
..≈..≈.≈≈≈.≈..≈.#..#
#S≈.≈≈...≈.≈≈.###.##
#..##B§§§...§§....#....
#.....@§§...§≈.##.#....
#..####§§≈≈≈§...#.#..##
##....[###.....†.
##....# #.....#.
#....###....###
#.......##..... ##
##########..... .
#.#### #. #########.#


You could see a giant cockroach and a ball python.

Vanquished Creatures
  An endoplasm (D:1)
  A hobgoblin (D:1)
2 creatures vanquished.

Notes
Turn   | Place    | Note
-------+----------+-------------------------------------------
     0 | D:1      | polve the Demonspawn Necromancer began the quest for the
                  | Orb.
     0 | D:1      | Reached XP level 1. HP: 13/13 MP: 3/3
   182 | D:1      | Found a faded altar of an unknown god.
   233 | D:1      | Slain by a giant cockroach

Illustrated notes

Levels and vault maps discovered:
D:1:      dpeg_arrival_pond, layout_loops_cross,
          shapermc_ecumenical_altar_starsandcircs

Action                   || total
-------------------------++-------
Melee: Unarmed           ||     5
 Cast: Pain              ||     5
Armor: Robe              ||     5
Dodge: Dodged            ||    21

Table legend: (Time is in decaauts)
 A = Elapsed time spent in this place.
 B = Non-inter-level travel time spent in this place.
 C = Inter-level travel time spent in this place.
 D = Time resting spent in this place.
 E = Time spent auto-exploring this place.
 F = Levels seen in this place.
 G = Mean time per level.
                   A        B        C        D        E       F      G
               +--------+--------+--------+--------+--------+-----+--------+
         Total |    233 |    233 |      0 |      0 |    186 |   1 |  233.0 |
       Dungeon |    233 |    233 |      0 |      0 |    186 |   1 |  233.0 |
               +--------+--------+--------+--------+--------+-----+--------+

Top non-repeatable levels by time:
     D:1: 233 daAuts
